 Dungeon Crawl Stone Soup version 0.30.0-18-gc0e69614cb (webtiles) character file.

Game seed: 2522256402132323372

112 ChrisAssaf the Sneak (level 4, -4/40 HPs)
             Began as a Draconian Enchanter on May 24, 2023.
             Killed by nerve-wracking pain
             ... invoked by Grinder
              (14 damage)
             ... on level 4 of the Dungeon.
             The game lasted 00:07:12 (1350 turns).

ChrisAssaf the Sneak (Draconian Enchanter)          Turns: 1350, Time: 00:07:13

Health: -4/40      AC:  5    Str:  7 (10) XL:     4   Next: 63%
Magic:  9/10       EV: 12    Int: 15 (17) God:
Gold:   67         SH:  0    Dex: 10 (12) Spells: 6/11 levels left

rFire   . . .        f - +2 dagger (venom)
rCold   . . .        (no shield)
rNeg    . . .        (body armour unavailable)
rPois   .            (helmet restricted)
rElec   .            (no cloak)
rCorr   .            (no gloves)
SInv    .            (no boots)
Will    .....        (no amulet)
Stlth   +++          (no ring)
HPRegen 0.26/turn    (no ring)
MPRegen 0.12/turn

%: no passive effects
@: invisible
A: AC +5, unfitting armour, cold-blooded
a: no special abilities


You were on level 4 of the Dungeon.
You visited 1 branch of the dungeon, and saw 4 of its levels.

You collected 67 gold pieces.

Inventory:

Hand Weapons
 f - a +2 dagger of venom (weapon)
Scrolls
 e - 3 scrolls of identify
Potions
 b - a potion of invisibility


   Skills:
 * Level 4.3 Fighting
 * Level 4.0 Short Blades
 * Level 4.0 Dodging
 * Level 5.0 Stealth
 * Level 4.2 Spellcasting
 * Level 4.8 Hexes
 * Level 3.7 Ice Magic


You had 6 spell levels left.
You knew the following spells:

 Your Spells              Type           Power      Damage    Failure   Level
a - Ensorcelled Hibernat  Hex/Ice        32%        N/A       4%          2
b - Tukima's Dance        Hex            17%        N/A       8%          3

Your spell library contained the following spells:

 Spells                   Type           Power      Damage    Failure   Level
 Confusing Touch          Hex            17%        N/A       8%          3
 Dazzling Flash           Conj/Hex       20%        N/A       21%         3


Dungeon Overview and Level Annotations

Branches:
Dungeon (4/15)
 Temple: D:4-7

Altars:
Okawaru

Annotations:
D:4 Grinder


Innate Abilities, Weirdness & Mutations

Your plain brown scales are hard. (AC +5)
You cannot fit into any form of body armour.
You are cold-blooded and may be slowed by cold attacks.


Message History

Grinder is moderately wounded.
Grinder hits you.
You writhe in agony.
You hit Grinder.
Grinder is moderately wounded.
Grinder hits you.
You writhe in agony.
You hit Grinder.
Your tail-slap misses Grinder.
Grinder is moderately wounded.
Grinder closely misses you.
You closely miss Grinder.
Grinder is moderately wounded.
You closely miss Grinder.
Grinder is moderately wounded.
Grinder closely misses you.
You hit Grinder.
Grinder is heavily wounded.
Grinder hits you.
* * * LOW HITPOINT WARNING * * *
Unknown command.
Okay, then.
You hit Grinder.
Grinder is heavily wounded.
Grinder hits you.
* * * LOW HITPOINT WARNING * * *
You barely miss Grinder.
Grinder is heavily wounded.
Grinder gestures at you.
You barely resist.
You fade into invisibility!
Grinder hits you but does no damage.
You hit Grinder.
Grinder is severely wounded.
You barely miss Grinder.
Grinder is severely wounded.
Grinder barely misses you.
You catch the helpless Grinder completely off-guard!
You puncture Grinder!
Grinder is almost dead.
Grinder gestures at you. Pain shoots through your body!
You die...

...#.......#.............#
...#.......#.............#
...'.......#.............#
..##.......########......#
..##..............#......#
..##.......##.....'......#
..##.......##.....#......#
..................#......#
............$.5.@.#....).#
...........##.....#......#
..###########.....#......#
..#.........#.....#......#
###.........#.....#......#
............#<....#......#
............#.....#......#
............#.....#......#
............#######......#


You could see Grinder (unable to see you).

Vanquished Creatures
  Robin (D:3)
  2 dart slugs
  A ball python (D:4)
  5 endoplasms
  4 giant cockroaches
  9 goblins
  4 hobgoblins
  A quokka (D:1)
  4 bats
  A kobold (D:1)
32 creatures vanquished.

Notes
Turn   | Place    | Note
-------+----------+-------------------------------------------
     0 | D:1      | ChrisAssaf the Draconian Enchanter began the quest for the
                  | Orb.
     0 | D:1      | Reached XP level 1. HP: 14/14 MP: 3/3
   168 | D:1      | Reached XP level 2. HP: 20/20 MP: 5/5
   171 | D:1      | Learned a level 2 spell: Ensorcelled Hibernation
   411 | D:2      | Reached skill level 3 in Stealth
   460 | D:2      | You fall into a shaft and drop 1 floor!
   566 | D:3      | Reached skill level 1 in Fighting
   566 | D:3      | Reached XP level 3. HP: 28/28 MP: 1/6
   580 | D:3      | Learned a level 3 spell: Tukima's Dance
   581 | D:3      | Noticed Robin
   590 | D:3      | Killed Robin
   666 | D:4      | Noticed Grinder
   688 | D:4      | Found an iron altar of Okawaru.
  1330 | D:4      | Reached skill level 5 in Stealth
  1330 | D:4      | Reached XP level 4. HP: 35/40 MP: 7/10
  1350 | D:4      | Killed from afar by Grinder

Illustrated notes

Levels and vault maps discovered:
D:1:      arrival_zaba_pyramid, layout_basic
D:2:      layout_basic, basic_altar, uniq_jessica, uniq_sigmund
D:3:      layout_basic, mainiacjoe_overflow_chevrons, minmay_misc_feat_ornament,
          minmay_misc_feat_columns, bh_walls_and_bars, uniq_ijyb, uniq_robin
D:4:      layout_gridville, okawaru_trees_2, uniq_grinder

Skill      XL: |  1  2  3 |
---------------+----------+-----
Hexes          | 3 4 |  4.8
Stealth        | 3 5 |  5.0
Fighting       | 1 4 |  4.3
Short Blades   | 4 |  4.0
Dodging        | 4 |  4.0
Spellcasting   | 4 |  4.2
Ice Magic      | 3 |  3.7

Action                     |  1- 3 |  4- 6 || total
---------------------------+-------+-------++-------
  Melee: Dagger            |    57 |    15 ||    72
         Tailslap          |     9 |     1 ||    10
   Cast: Ensorcelled Hiber |    15 |       ||    15
    Use: Scroll            |     2 |       ||     2
         Potion            |     1 |     2 ||     3
   Stab: Sleeping          |    17 |       ||    17
         Invisible         |       |     1 ||     1
 Armour: Skin              |    15 |     1 ||    16
  Dodge: Dodged            |    33 |     5 ||    38
